 Dungeon Crawl Stone Soup version 0.28-a0-1624-g820543e53a (webtiles) character file.

Game seed: 7039941225952244405

10 HallandMoats the Vandal (level 2, 25/25 HPs)
             Began as a Ghoul Hunter on Jan 23, 2022.
             Was a Believer of Lugonu.
             Safely got out of the dungeon.
             The game lasted 00:00:44 (658 turns).

HallandMoats the Vandal (Ghoul Hunter)               Turns: 658, Time: 00:00:44

Health: 25/25      AC:  7    Str: 15    XL:     2   Next: 20%
Magic:  1/1        EV:  9    Int:  6    God:    Lugonu [**....]
Gold:   47         SH:  0    Dex:  9    Spells: 1/1 levels left

rFire   . . .      SeeInvis .   a - +1 hunting sling
rCold   + . .      Faith    .   (no shield)
rNeg    + + +      Spirit   .   i - +0 scale mail
rPois   ∞          Reflect  .   (no helmet)
rElec   .          Harm     .   (no cloak)
rCorr   .          Rampage  .   j - +0 pair of gloves
Will    .....                   (no boots)
Stlth   ..........              (no amulet)
HPRegen 0.08/turn               (no ring)
MPRegen 0.07/turn               (no ring)

@: no status effects
A: claws 1, cold resistance 1, negative energy resistance 3, inhibited
regeneration, torment resistance 2
a: Renounce Religion, Depart the Abyss, Bend Space


You escaped.
You worshipped Lugonu.
Lugonu was pleased with you.
You visited 1 branch of the dungeon, and saw 1 of its levels.

You collected 47 gold pieces.

Inventory:

Hand Weapons
 a - a +1 hunting sling (weapon)
 b - a +0 short sword
Missiles
 d - 19 sling bullets (quivered ammo)
 e - 32 stones
Armour
 i - a +0 scale mail (worn)
 j - a +0 pair of gloves (worn)
Scrolls
 c - a scroll of fog {unknown}
 f - a scroll of magic mapping {unknown}
Potions
 g - 2 potions of flight {unknown}
 h - 2 potions of curing {unknown}


   Skills:
 + Level 2.4 Fighting
 * Level 3.8 Slings
 + Level 0.4 Armour
 + Level 1.9 Dodging
 - Level 1.1 Stealth


You had one spell level left.
You didn't know any spells.
Your spell library was empty.

Dungeon Overview and Level Annotations

Branches:
Dungeon (1/15)

Altars:
Lugonu


Innate Abilities, Weirdness & Mutations

You thrive by killing the living.
You are immune to poison.
You have sharp fingernails.
Your flesh is cold resistant. (rC+)
You are immune to negative energy. (rN+++)
You do not regenerate when monsters are visible.
You are immune to unholy pain and torment.


Message History

Lugonu accepts your prayer! Lugonu welcomes you!
You can now depart the Abyss.
You can now bend space around yourself.
d - 10 sling bullets (gained 2)
You see here a ball python corpse.
d - 13 sling bullets (gained 3)
You see here a ball python corpse.
d - 15 sling bullets (gained 2)
You see here a ball python corpse.
d - 16 sling bullets (gained 1)
You see here a ball python corpse.
d - 19 sling bullets (gained 3)
You see here a ball python corpse.
You see here a ball python corpse.
You see here a ball python corpse.
Found a stone staircase leading down.
There is a stone staircase leading down here.
You see here a +0 rapier.
Found a stone staircase leading down.
There is a stone staircase leading down here.
Found 4 boomerangs.
Done exploring.
Done exploring.
Done exploring.
Done exploring.
Done exploring.
Done exploring.
Done exploring.
(D) Dungeon
Where to? (Enter - D:1 @ (x,y), ? - help)
Okay, then.
Unknown command.
(D) Dungeon
Where to? (Enter - D:1 @ (x,y), ? - help)
What level of the Dungeon? (default 1, ? - help)
There is an open door here.
There is an open door here.
There is a staircase leading out of the dungeon here.
Are you sure you want to leave the Dungeon?
This will make you lose the game!
You have escaped!

########################
#.........[............#
#......................#
#..########'########...#
#..####.........####...#
#..##.........)...##...# #
#..#......#+#......#...#####
#..+.....##>##.....+........
#..+.....##@##.....+..#...##
#..#......#'#......#........
#..##.............##........
#..####.........####........
#..########'########........
####......................#.###
###.........................#.#
...........#.###..........#.#.##
.............#
#..#.........#..##


There were no monsters in sight!

Vanquished Creatures
  4 ball pythons (D:1)
  2 bats (D:1)
  A goblin (D:1)
  A hobgoblin (D:1)
  A quokka (D:1)
9 creatures vanquished.

Notes
Turn   | Place    | Note
-------+----------+-------------------------------------------
     0 | D:1      | HallandMoats the Ghoul Hunter began the quest for the Orb.
     0 | D:1      | Reached XP level 1. HP: 17/17 MP: 0/0
   261 | D:1      | Reached XP level 2. HP: 20/25 MP: 1/1
   358 | D:1      | Found a faded altar of an unknown god.
   380 | D:1      | Prayed at the altar of an unknown god.
   380 | D:1      | Became a worshipper of Lugonu the Unformed
   380 | D:1      | Reached * piety under Lugonu
   380 | D:1      | Reached ** piety under Lugonu
   658 | D:$      | Safely got out of the dungeon.

Illustrated notes

Levels and vault maps discovered:
D:1:      dpeg_arrival_refuge, layout_rooms, nicolae_ecumenical_snake_handling

Action                   || total
-------------------------++-------
 Fire: Hunting sling     ||    30
Armor: Scale mail        ||    14
Dodge: Dodged            ||     8

Table legend: (Time is in decaauts)
 A = Elapsed time spent in this place.
 B = Non-inter-level travel time spent in this place.
 C = Inter-level travel time spent in this place.
 D = Time resting spent in this place.
 E = Time spent auto-exploring this place.
 F = Levels seen in this place.
 G = Mean time per level.
                   A        B        C        D        E       F      G
               +--------+--------+--------+--------+--------+-----+--------+
         Total |    658 |    605 |     53 |      0 |    495 |   1 |  658.0 |
       Dungeon |    658 |    605 |     53 |      0 |    495 |   1 |  658.0 |
               +--------+--------+--------+--------+--------+-----+--------+

Top non-repeatable levels by time:
     D:1: 658 daAuts
